 Dungeon Crawl Stone Soup version 0.26-a0-752-gcff87cac9a (webtiles) character file.

Game seed: 4317623034315632042

106 Forecaster the Stinger (level 4, -5/37 HPs)
             Began as a Naga Venom Mage on Nov 6, 2020.
             Slain by a river rat (9 damage)
             ... summoned by Eustachio
             ... on level 4 of the Dungeon.
             The game lasted 00:12:25 (4068 turns).

Forecaster the Stinger (Naga Venom Mage)            Turns: 4068, Time: 00:12:26

Health: -5/37      AC:  2    Str: 11    XL:     4   Next: 84%
Magic:  0/8        EV: 12    Int: 16    God:
Gold:   188        SH:  0    Dex: 11    Spells: 2/8 levels left

rFire    . . .     SeeInvis +   i - +0 dagger
rCold    . . .     Faith    .   (no shield)
rNeg     + + .     Spirit   .   a - +0 robe
rPois    +         Reflect  .   (no helmet)
rElec    .         Harm     .   (no cloak)
rCorr    .         Rampage  .   (no gloves)
MR       .....                  (no barding)
Stlth    ++........             (no amulet)
HPRegen  0.12/turn              g - ring of positive energy
MPRegen  0.11/turn              r - ring of positive energy

@: very slow
A: large, repulsion field 1, see invisible, deformed body, poison resistance,
slowness 2, spit poison 1, sturdy frame 1, AC +1
a: Spit Poison


You were on level 4 of the Dungeon.
You visited 1 branch of the dungeon, and saw 4 of its levels.

You collected 188 gold pieces.

Inventory:

Hand Weapons
 e - a +0 club
 i - a +0 dagger (weapon)
 t - a +0 trident
Missiles
 s - 6 curare-tipped darts (quivered)
Armour
 a - a +0 robe (worn)
Jewellery
 g - a ring of positive energy (left hand)
 r - a ring of positive energy (right hand)
Scrolls
 b - 2 scrolls of amnesia {unknown}
 c - 6 scrolls of identify
 d - a scroll of enchant armour {unknown}
 m - a scroll of fear {unknown}
 n - 3 scrolls of remove curse {unknown}
 q - 4 scrolls of teleportation {unknown}
Potions
 j - a potion of degeneration {unknown}
 k - a potion of brilliance {unknown}
 l - a potion of attraction {unknown}
 p - a potion of lignification {unknown}


   Skills:
 + Level 0.5 Fighting
 + Level 0.2 Short Blades
 + Level 1.9 Dodging
 + Level 3.4 Stealth
 + Level 0.3 Unarmed Combat
 + Level 2.8 Spellcasting
 + Level 1.0 Transmutations
 + Level 1.7 Air Magic
 + Level 5.0 Poison Magic


You had 2 spell levels left.
You knew the following spells:

 Your Spells              Type           Power        Failure   Level
a - Sting                 Tmut/Pois      ##..         5%          1
b - Poisonous Vapours     Pois/Air       ##....       7%          2
c - Ignite Poison         Fire/Tmut/Pois #.......     26%         3

Your spell library contained the following spells:

 Spells                   Type           Power        Failure   Level
 Beastly Appendage        Tmut           #.....       13%         1
 Wereblood                Tmut           #.......     19%         2
 Spider Form              Tmut/Pois      ##........   17%         3
 Mephitic Cloud           Conj/Pois/Air  #.......     22%         3
 Olgreb's Toxic Radiance  Pois           ###.....     24%         4
 Ice Form                 Ice/Tmut       #.......     83%         4
 Blade Hands              Tmut           #.........   98%         5


Dungeon Overview and Level Annotations

Branches:
Dungeon (4/15)
 Temple: D:4-7

Altars:
Trog

Annotations:
D:4 Eustachio


Innate Abilities, Weirdness & Mutations

You cannot wear boots.
Your serpentine skin is tough. (AC +1)
You have supernaturally acute eyesight. (SInv)
Armour fits poorly on your strangely shaped body.
Your system is resistant to poisons. (rPois)
You cover ground very slowly.
You can spit poison.
You are surrounded by a mild repulsion field. (EV +2)
Your movements are slightly less encumbered by armour. (ER -2)


Message History

Casting: Poisonous Vapours (safe; 7% risk of failure)
Confirm with . or Enter, or press ? or * to list all spells.
You don't have enough magic to cast that spell.
You feel much better. The quokka barely misses you. The quokka bites you.
The quokka bites you but does no damage.
The river rat barely misses you. The lemure barely misses you.
Eustachio mumbles some strange words.
Eustachio blinks!
The quokka misses you. The quokka bites you.
You hit the lemure but do no damage.
The lemure is heavily wounded.
The quokka bites you. The river rat bites you. The lemure hits you.
* * * LOW HITPOINT WARNING * * *
Eustachio gestures wildly while chanting.
The quokka barely misses you. The quokka bites you.
* * * LOW HITPOINT WARNING * * *
The quokka closely misses you.
You hit the lemure.
The lemure is heavily wounded.
The river rat bites you!
You die...

..5...§............
...........(.......
...................
........5..........
..§.....@.......). .
......#.5>....###..!
..... #.5....§......
###. ##5r....##### #
#@r....# #rr....#
#......# #......#
#......# #......#
#......# ##.#####
#.#


You could see Eustachio (very poisoned), 2 lemures, a river rat (summoned), a
white imp (summoned), a shadow imp (summoned) and 3 quokkas.

Vanquished Creatures
  A lemure (D:4)
  Robin (D:3)
  An adder (D:2)
  An ooze (D:2)
  A dart slug (D:3)
  An orc (D:3)
  9 bats
  3 giant cockroaches
  12 goblins
  13 hobgoblins
  8 jackals
  A quokka (D:3)
  A frilled lizard (D:2)
  8 kobolds
  10 rats
71 creatures vanquished.

Notes
Turn   | Place    | Note
-------+----------+-------------------------------------------
     0 | D:1      | Forecaster the Naga Venom Mage began the quest for the Orb.
     0 | D:1      | Reached XP level 1. HP: 15/15 MP: 3/3
   378 | D:1      | Reached XP level 2. HP: 22/22 MP: 1/5
   382 | D:1      | Learned a level 2 spell: Poisonous Vapours
  1262 | D:1      | Reached XP level 3. HP: 28/28 MP: 3/6
  2100 | D:2      | Found a bloodstained altar of Trog.
  2443 | D:2      | Reached skill level 1 in Air Magic
  2443 | D:2      | Reached XP level 4. HP: 29/37 MP: 0/7
  2448 | D:2      | Learned a level 3 spell: Ignite Poison
  2842 | D:3      | Noticed Robin
  2906 | D:3      | Killed Robin
  3360 | D:3      | Reached skill level 5 in Poison Magic
  3780 | D:3      | Found a bloodstained altar of Trog.
  3972 | D:4      | Noticed Eustachio
  3972 | D:4      | Noticed a lemure
  3981 | D:4      | Killed a lemure
  4048 | D:4      | Noticed a lemure
  4048 | D:4      | Noticed a lemure
  4051 | D:4      | Noticed a lemure
  4063 | D:4      | Gained mutation: You are surrounded by a mild repulsion
                  | field. (EV +2) [potion of mutation]
  4063 | D:4      | Gained mutation: Your movements are slightly less
                  | encumbered by armour. (ER -2) [potion of mutation]
  4068 | D:4      | Slain by a river rat

Illustrated notes

Levels and vault maps discovered:
D:1:      doesnt_arrival_eight_statues, layout_basic, serial_forest,
          infiniplex_forest_lined_3, infiniplex_forest_clump_small,
          infiniplex_forest_zigzag_2, infiniplex_forest_lined_room_2,
          infiniplex_forest_clump_diagonal, infiniplex_forest_lined_2,
          infiniplex_forest_clump_double, infiniplex_forest_lined_3,
          infiniplex_forest_clump_medium, infiniplex_forest_clump_small,
          wad_woods_river_04, minmay_misc_feat_diagonals
D:2:      layout_basic, trog_three_pillars_becter
D:3:      layout_rooms, lightli_temple_of_fire, uniq_robin
D:4:      layout_basic, uniq_blork_the_orc, uniq_eustachio, uniq_pikel

Skill      XL: |  1  2  3  4 |
---------------+-------------+-----
Air Magic      | 1 |  1.7
Poison Magic   | 5 |  5.0
Fighting       | |  0.5
Short Blades   | |  0.2
Dodging        | |  1.9
Stealth        | |  3.4
Unarmed Combat | |  0.3
Spellcasting   | |  2.8
Transmutations | |  1.0

Action                   |  1- 3 |  4- 6 || total
-------------------------+-------+-------++-------
Melee: Unarmed           |     9 |       ||     9
       Club              |    13 |       ||    13
       Dagger            |    32 |    40 ||    72
 Cast: Sting             |    12 |       ||    12
       Poisonous Vapours |    41 |    41 ||    82
  Use: Potion            |       |     5 ||     5
       Scroll            |       |     1 ||     1
Armor: Robe              |    14 |     9 ||    23
Dodge: Dodged            |    50 |    44 ||    94

Table legend: (Time is in decaauts)
 A = Elapsed time spent in this place.
 B = Non-inter-level travel time spent in this place.
 C = Inter-level travel time spent in this place.
 D = Time resting spent in this place.
 E = Time spent auto-exploring this place.
 F = Levels seen in this place.
 G = Mean time per level.
                   A        B        C        D        E       F      G
               +--------+--------+--------+--------+--------+-----+--------+
         Total |   4801 |   4701 |    100 |    722 |   3450 |   4 | 1200.2 |
       Dungeon |   4801 |   4701 |    100 |    722 |   3450 |   4 | 1200.2 |
               +--------+--------+--------+--------+--------+-----+--------+

Top non-repeatable levels by time:
     D:1: 1766 daAuts
     D:2: 1475 daAuts
     D:3: 1394 daAuts
     D:4: 165 daAuts
